 Dungeon Crawl Stone Soup version 0.27-a0-346-ga689d4a613 (webtiles) character file.

Game seed: 3201807528947301365

275 dickylongcocking the Insei (level 6, -1/42 HPs)
             Began as an Octopode Monk on Feb 16, 2021.
             Was a Priest of Fedhas.
             Slain by a river rat (6 damage)
             ... in a sewer.
             The game lasted 00:02:59 (4505 turns).

dickylongcocking the Insei (Octopode Monk)          Turns: 4505, Time: 00:03:00

Health: -1/42      AC:  1    Str: 17    XL:     6   Next: 24%
Magic:  3/8        EV: 14    Int: 14    God:    Fedhas [***...]
Gold:   136        SH:  0    Dex: 14    Spells: 5/5 levels left

rFire    . . .     SeeInvis .     - Unarmed
rCold    . . .     Faith    +   (no shield)
rNeg     . . .     Spirit   .   (helmet restricted)
rPois    .         Reflect  .   f - amulet of faith
rElec    .         Harm     .   l - +6 ring of strength
rCorr    .         Rampage  .   (no ring)
Will     .....                  (no ring)
Stlth    +++++.....             (no ring)
HPRegen  0.14/turn              (no ring)
MPRegen  0.11/turn              (no ring)
                                (no ring)
                                (no ring)

@: no status effects
A: almost no armour, stealthy swim, amphibious, 8 rings, constrict 8, camouflage
1, gelatinous body 1
a: Renounce Religion, Wall of Briars, Grow Ballistomycete


You were in a sewer.
You worshipped Fedhas.
Fedhas was most pleased with you.
You visited 1 branch of the dungeon, and saw 4 of its levels.
You also visited: Sewer.

You collected 136 gold pieces.

Inventory:

Jewellery
 f - an amulet of faith (around mantle)
 l - a +6 ring of strength (left tentacle)
 m - an amulet of reflection {unknown}
Scrolls
 a - 2 scrolls of immolation {unknown}
 b - a scroll of teleportation {unknown}
 c - 2 scrolls of blinking {unknown}
 h - 7 scrolls of identify {unknown}
 j - 2 scrolls of magic mapping {unknown}
 k - 2 scrolls of amnesia {unknown}
 n - a scroll of enchant armour {unknown}
 o - a scroll of fog {unknown}
Potions
 d - 2 potions of resistance {unknown}
 e - a potion of invisibility {unknown}
 g - a potion of flight {unknown}
 i - a potion of mutation {unknown}


   Skills:
 - Level 3.0 Fighting
 - Level 3.0 Dodging
 + Level 5.0 Stealth
 * Level 5.2 Unarmed Combat
 * Level 3.1 Invocations


You had 5 spell levels left.
You didn't know any spells.
Your spell library was empty.

Dungeon Overview and Level Annotations

Branches:
Dungeon (4/15)             Temple (0/1) D:4           Sewer (1/1)

Altars:
Cheibriados
Fedhas
Nemelex Xobeh
Vehumet


Innate Abilities, Weirdness & Mutations

You cannot wear most types of armour.
You are very stealthy in the water. (Stealth+)
You are amphibious.
You can wear up to eight rings at the same time.
You can use your tentacles to constrict eight enemies at once.
Your skin changes colour to match your surroundings (Stealth+).
Your rubbery body absorbs attacks. (AC +1, EV +1)


Message History

Unknown command.
Unknown command.
The adder is struck by your briar patch's thorns.
The adder dies!
Fedhas appreciates your contribution to the ecosystem.
Something bites your briar patch.
Your briar patch is destroyed!
Unknown command.
Unknown command.
The rat is struck by your briar patch's thorns.
The rat dies!
Fedhas appreciates your contribution to the ecosystem. x2
You feel a bit more experienced.
Unknown command.
Unknown command.
The rat splashes around in the water.
Something bites your briar patch.
Unknown command.
The rat is struck by your briar patch's thorns.
The rat dies!
Fedhas appreciates your contribution to the ecosystem.
Unknown command.
Unknown command.
Unknown command.
The river rat bites your briar patch. The river rat bites you.
* * * LOW HITPOINT WARNING * * *
Unknown command.
You tentacle-slap the river rat.
You kill the river rat!
Fedhas appreciates your contribution to the ecosystem.
Your briar patch disappears in a puff of smoke!
Unknown command.
You closely miss the river rat. You grab the river rat.
You squeeze the river rat!
The river rat is severely wounded.
You constrict the river rat. The river rat barely misses you.
Unknown command.
You swim carefully through the plants.
You release your grip on the river rat.
The river rat bites you.
You die...
Fedhas appreciates your contribution to the ecosystem.

#######################
###.#≈≈≈≈≈r≈≈≈≈≈≈≈≈≈#...##
##...≈≈≈≈≈≈r§P≈≈≈≈≈≈≈≈....#
#.....†≈≈≈≈#†≈§≈≈≈≈≈≈≈.∩..#
#.....≈≈≈≈≈P#†#≈≈≈≈≈≈≈.∩..#
#.....≈≈≈≈†PrP≈≈≈≈≈≈≈≈....#
#.....#≈≈≈≈≈@PP≈≈≈≈≈≈≈....##
#....######################
#...# #...# #...


You could see a river rat (ally target).

Vanquished Creatures
  An orc priest (D:3)
  6 adders
  A river rat (Sewer)
  An ooze (D:2)
  3 worms
  3 dart slugs
  4 leopard geckos
  4 orcs (D:3)
  5 giant cockroaches
  7 goblins
  7 hobgoblins
  2 jackals (D:4)
  12 kobolds
  4 quokkas
  A ball python skeleton (D:4)
  4 bats
  10 frilled lizards
  4 rats
79 creatures vanquished.

Vanquished Creatures (collateral kills)
  A phantom (D:4)
  A river rat (Sewer)
  An adder (Sewer)
  A ball python (Sewer)
  2 rats (Sewer)
6 creatures vanquished.

Vanquished Creatures (others)
  A goblin (D:3)
1 creature vanquished.

Grand Total: 86 creatures vanquished

Notes
Turn   | Place    | Note
-------+----------+-------------------------------------------
     0 | D:1      | dickylongcocking the Octopode Monk began the quest for the
                  | Orb.
     0 | D:1      | Reached XP level 1. HP: 16/16 MP: 1/1
   209 | D:1      | Reached XP level 2. HP: 17/21 MP: 2/2
   578 | D:1      | Reached XP level 3. HP: 26/26 MP: 3/3
  1119 | D:2      | Found a blossoming altar of Fedhas.
  1134 | D:2      | Became a worshipper of Fedhas Madash
  1134 | D:2      | Reached * piety under Fedhas
  1134 | D:2      | Reached ** piety under Fedhas
  1141 | D:2      | Found a sparkling altar of Nemelex Xobeh.
  1683 | D:2      | Reached XP level 4. HP: 24/31 MP: 4/4
  2197 | D:2      | Reached skill level 1 in Invocations
  2371 | D:3      | Reached XP level 5. HP: 21/36 MP: 4/6
  3094 | D:3      | Reached *** piety under Fedhas
  3683 | D:3      | Found a radiant altar of Vehumet.
  3914 | D:4      | Found a staircase to the Ecumenical Temple.
  4092 | D:4      | Found a snail-covered altar of Cheibriados.
  4185 | D:4      | Noticed a phantom
  4209 | D:4      | Killed a phantom
  4210 | D:4      | Reached skill level 5 in Stealth
  4210 | D:4      | Reached skill level 5 in Unarmed Combat
  4210 | D:4      | Reached XP level 6. HP: 12/42 MP: 4/8
  4442 | D:4      | Found a glowing drain.
  4460 | Sewer    | Entered a sewer
  4505 | Sewer    | Slain by a river rat

Illustrated notes

Levels and vault maps discovered:
D:1:      dpeg_arrival_simpleton_b, layout_basic
D:2:      layout_rooms, lemuel_crystal_altar, fedhas_altar_1
D:3:      layout_basic, fiery_altar_vehumet
D:4:      layout_loops_corners, general_overflow_altar,
          overflow_temple_1_default, minmay_temple_entry_glass,
          cheibrodos_sewer_entry_drain
Sewer:    sewer_minmay_w

Skill      XL: |  1  2  3  4  5  6 |
---------------+-------------------+-----
Stealth        | 3 4 5 |  5.0
Unarmed Combat | 4 5 |  5.2
Invocations    | 1 2 3 |  3.1
Fighting       | |  3.0
Dodging        | |  3.0

Action                   |  1- 3 |  4- 6 || total
-------------------------+-------+-------++-------
Melee: Unarmed           |    67 |   112 ||   179
       Constrict         |    20 |    28 ||    48
       Tentacles         |    11 |    19 ||    30
       Punch             |       |     3 ||     3
Invok: Wall of Briars    |       |     3 ||     3
 Stab: Sleeping          |     7 |    13 ||    20
Armor: Skin              |     3 |     7 ||    10
Dodge: Dodged            |    30 |    67 ||    97

Table legend: (Time is in decaauts)
 A = Elapsed time spent in this place.
 B = Non-inter-level travel time spent in this place.
 C = Inter-level travel time spent in this place.
 D = Time resting spent in this place.
 E = Time spent auto-exploring this place.
 F = Levels seen in this place.
 G = Mean time per level.
                   A        B        C        D        E       F      G
               +--------+--------+--------+--------+--------+-----+--------+
         Total |   4490 |   4406 |     84 |     78 |   3729 |   5 |  898.0 |
       Dungeon |   4445 |   4361 |     84 |     78 |   3718 |   4 | 1111.2 |
         Sewer |     44 |     44 |      0 |      0 |     11 |   1 |   44.0 |
               +--------+--------+--------+--------+--------+-----+--------+

Top non-repeatable levels by time:
     D:3: 1471 daAuts
     D:2: 1243 daAuts
     D:1: 1114 daAuts
     D:4: 617 daAuts
   Sewer: 44 daAuts
